 Dungeon Crawl Stone Soup version 0.22-a0-368-g870eee8 (webtiles) character file.

162 Serpenta the Cudgeler (level 5, 0/41 HPs)
             Began as a Mummy Chaos Knight on Apr 23, 2018.
             Slain by a centaur
             ... wielding a cursed -3 shortbow
              (3 damage)
             ... on level 5 of the Dungeon.
             The game lasted 00:07:48 (4838 turns).

Serpenta the Cudgeler (Mummy Chaos Knight)          Turns: 4838, Time: 00:07:49

Health: 0/41       AC:  8    Str: 17    XL:     5   Next: 19%
Magic:  5/5        EV: 11    Int: 11    God:    Xom [.*....]
Gold:   186        SH:  0    Dex: 13    Spells: 4/4 levels left

rFire    x . .     SeeInvis +   a - +0 mace (chaos)
rCold    + . .     Gourm    .   (no shield)
rNeg     + + +     Faith    .   b - +2 leather armour
rPois    ∞         Spirit   .   (no helmet)
rElec    .         Reflect  .   (no cloak)
rCorr    .         Harm     .   l - +2 pair of gloves
MR       .....                  (no boots)
Stlth    +.........             (no amulet)
HPRegen  0.13/turn              c - +2 ring of dexterity
MPRegen  0.09/turn              i - ring of see invisible

@: about to teleport
A: no food or potions, fire vulnerability, cold resistance 1, negative energy
resistance 3, torment resistance, unbreathing
a: Renounce Religion


You were on level 5 of the Dungeon.
You worshipped Xom.
You were a plaything of Xom.
You were not hungry.

You visited 1 branch of the dungeon, and saw 5 of its levels.

You collected 226 gold pieces.
You spent 40 gold pieces at shops.


Innate Abilities, Weirdness & Mutations

You do not eat or drink.
Your flesh is vulnerable to fire.
You are immune to poison.
Your flesh is cold resistant. (rC+)
You are immune to negative energy. (rN+++)
You are immune to unholy pain and torment.
You can survive without breathing.


   Skills:
 - Level 3.0 Fighting
 + Level 4.9 Maces & Flails
 - Level 1.5 Armour
 - Level 0.7 Dodging


You had 4 spell levels left.
You didn't know any spells.

Action                   |  1- 3 |  4- 6 || total
-------------------------+-------+-------++-------
Melee: Mace              |   145 |    37 ||   182
       Morningstar       |       |    36 ||    36
  Use: Scroll            |     5 |     6 ||    11
 Stab: Sleeping          |     1 |       ||     1
       Paralysed         |     1 |       ||     1
Armor: Leather armour    |    91 |    28 ||   119
Dodge: Dodged            |    90 |    58 ||   148

Inventory:

Hand Weapons
 a - a +0 mace of chaos (weapon)
 m - a +0 morningstar
Armour
 b - a +2 leather armour (worn)
 l - a +2 pair of gloves (worn)
Jewellery
 c - a +2 ring of dexterity (left hand)
 f - an uncursed ring of teleportation
 i - a ring of see invisible (right hand)
Wands
 o - a wand of digging (11)
Scrolls
 d - a scroll of magic mapping
 e - 2 scrolls of amnesia
 g - a scroll of fog
 h - 3 scrolls of remove curse
 j - a scroll of enchant armour
 k - a scroll of enchant weapon
 n - a scroll of teleportation
 p - a scroll of identify

########
......(##
####.....#######
#@.............#
#c##.....#####.#
#.###...## #.#
#.# ##.## #.#
#.# #.# #.# #.#
#.# #.# #.# #.#
#.# ..#
#.#######.###
#............


You could see a centaur.

Vanquished Creatures
  An iguana (D:4)
  A worker ant (D:5)
  2 adders
  6 dart slugs
  3 leopard geckos
  10 orcs
  6 bats
  4 giant cockroaches
  3 goblins
  7 hobgoblins
  7 jackals
  A quokka (D:3)
  3 frilled lizards
  5 kobolds
  5 rats
64 creatures vanquished.

Vanquished Creatures (others)
  A quokka (D:3)
1 creature vanquished.

Grand Total: 65 creatures vanquished

Vault maps used:
D:1:      dpeg_arrival_rooms_b
D:2:      lemuel_coloured_pillars_altar, chequers_ecumenical_altar_simple
D:3:      elyvilon_altar_4, minitemple, first_ration, minivault_25
D:4:      serial_shops, shop, lemuel_tele_altar
D:5:      grunt_gozag_statues, kennysheep_mini_moat, minmay_temple_entry_fiery


Message History

The centaur closely misses you.
You closely miss the centaur.
The centaur is moderately wounded.
The centaur hits you with a shortbow.
* * * LOW HITPOINT WARNING * * *
The centaur hits you but does no damage.
You barely miss the centaur.
The centaur is moderately wounded.
The centaur hits you with a shortbow.
* * * LOW HITPOINT WARNING * * *
As you read the scroll of teleportation, it crumbles to dust.
You feel strangely unstable. The centaur hits you with a shortbow.
* * * LOW HITPOINT WARNING * * *
The centaur completely misses you.
Okay, then.
Evoke which item? (* to show all) (? for menu, Esc to quit)
Okay, then.
The centaur hits you with a shortbow.
You die...
Xom giggles madly!

Notes
Turn   | Place    | Note
-------+----------+-------------------------------------------
     0 | D:1      | Serpenta the Mummy Chaos Knight began the quest for the Orb.
     0 | D:1      | Reached XP level 1. HP: 18/18 MP: 1/1
   132 | D:1      | XOM: harmless Conj miscast
   176 | D:1      | XOM: silly message
   213 | D:1      | Reached XP level 2. HP: 24/24 MP: 2/2
   216 | D:1      | Reached skill level 3 in Maces & Flails
   281 | D:1      | XOM: harmless Conj miscast
   459 | D:1      | XOM: silly message
   771 | D:1      | Reached XP level 3. HP: 29/29 MP: 3/3
   949 | D:2      | XOM: harmless Air miscast
   953 | D:2      | Found a faded altar of an unknown god.
  1553 | D:2      | XOM: harmless Erth miscast
  1620 | D:2      | Reached skill level 4 in Maces & Flails
  1899 | D:2      | Found a sacrificial altar of Ru.
  2019 | D:2      | XOM: divination: detect creatures
  2324 | D:3      | Noticed Feta's ghost (novice BaIE)
  2527 | D:3      | Reached XP level 4. HP: 35/35 MP: 4/4
  2631 | D:3      | XOM: butterfly on damage
  2646 | D:3      | Found a white marble altar of Elyvilon.
  2655 | D:3      | XOM: confusion (+ monsters)
  2881 | D:4      | XOM: smoke on damage
  3454 | D:4      | Found Pyneh's Weapon Shop.
  3462 | D:4      | Bought a +0 morningstar for 40 gold pieces
  3738 | D:4      | Found a sparkling altar of Nemelex Xobeh.
  3811 | D:5      | Entered Level 5 of the Dungeon
  3847 | D:4      | XOM: cleaving
  4016 | D:5      | XOM: silly message
  4030 | D:5      | Reached XP level 5. HP: 27/41 MP: 5/5
  4365 | D:5      | XOM: severe Conj miscast
  4645 | D:5      | XOM is BORED!
  4645 | D:5      | XOM: 1-stop teleportation journey
  4728 | D:5      | Found an opulent altar of Gozag.
  4825 | D:5      | Noticed a centaur
  4825 | D:5      | XOM: noise
  4838 | D:5      | Slain by a centaur
